 Dungeon Crawl Stone Soup version 0.31-a0-636-ge1c0e020e0 (webtiles) character file.

Game seed: 6895929169490077384

135 dialectric the Ruffian (level 5, -1/37 HPs)
             Began as a Vine Stalker Shapeshifter on Aug 26, 2023.
             Killed by divine providence
             ... invoked by an orc priest
              (11 damage)
             ... on level 3 of the Dungeon.
             The game lasted 00:02:43 (2080 turns).

dialectric the Ruffian (Vine Stalker Shapeshifter)  Turns: 2080, Time: 00:02:44

Health: -1/37      AC: 22    Str: 18    XL:     5   Next: 18%
Magic:  0/6        EV:  2    Int: 10    God:
Gold:   134        SH:  0    Dex: 14    Spells: 4/4 levels left

rFire   . .          .
                       - Unarmed
rCold   . . .        (no shield)
rNeg    . . .        a - melded +0 animal skin
rPois   +            (helmet currently unavailable)
rElec   .            (cloak currently unavailable)
rCorr   .            (gloves currently unavailable)
SInv    .            (boots currently unavailable)
Will    .....        (no amulet)
Stlth   +            (no ring)
HPRegen 1.06/turn    (no ring)
MPRegen 0.10/turn

%: guardian spirit
@: tree-form
A: stationary, stasis, torment immunity, boosted hp, (fangs 2), regeneration 1,
magic shield, (antimagic bite), no potion heal 2
a: no special abilities


You were on level 3 of the Dungeon.
You were a tree.
You visited 1 branch of the dungeon, and saw 3 of its levels.

You collected 134 gold pieces.

Inventory:

Missiles
 p - 4 poisoned darts (quivered)
Armour
 a - a +0 animal skin (melded)
 l - a +0 chain mail
Talismans
 c - a beast talisman
 d - a flux talisman
 n - a beast talisman
Scrolls
 e - 2 scrolls of identify {unknown}
 f - a scroll of poison {unknown}
 j - a scroll of noise {unknown}
 q - a scroll of immolation {unknown}
Potions
 g - a potion of resistance {unknown}
 h - a potion of mutation {unknown}
 i - a potion of degeneration {unknown}
 k - a potion of enlightenment {unknown}
 m - a potion of heal wounds {unknown}
 o - a potion of curing {unknown}


   Skills:
 + Level 1.2 Fighting
 * Level 0.3 Armour
 - Level 2.0 Dodging
 + Level 4.3 Unarmed Combat
 + Level 4.0 Shapeshifting


You had 4 spell levels left.
You didn't know any spells.
Your spell library contained the following spells:

 Spells                   Type           Power      Damage    Failure   Level
 Magic Dart               Conj           0%         1d3       36%         1
 Searing Ray              Conj           0%         2d4       50%         2
 Fulminant Prism          Conj/Hex       0%         3d5       98%         4


Dungeon Overview and Level Annotations

Branches:
Dungeon (3/15)

Altars:
Yredelemnul

Shops:
D:3 :

Annotations:
D:2 1 runed translucent door, Crazy Yiuf


Innate Abilities, Weirdness & Mutations

You are a tree.
Your roots penetrate the ground, keeping you stationary.
You cannot be teleported.
You are immune to unholy pain and torment.
Your maximum health is greatly increased.
Your equipment is partially melded.
((You have extremely sharp teeth.))
Your natural rate of healing is unusually fast.
When hurt, damage is shared between your health and your magic reserves.
((Your bite disrupts and absorbs the magic of your enemies.))
Potions cannot restore your health.


Message History

The orc priest mumbles some strange prayers to Beogh against you.
Beogh smites you!
An orc comes into view. It is wielding a +1 heavy falchion.
The orc hits you with a +0 war axe. The orc attacks as it pursues you!
The orc hits you with a +0 dagger. The orc attacks as it pursues you!
The orc misses you. The orc attacks as it pursues you!
The orc barely misses you.
The orc shouts!
You hit the orc.
You kill the orc!
The orc priest mumbles some strange prayers to Beogh against you.
Beogh smites you!
* * * LOW HITPOINT WARNING * * *
The orc hits you with a +0 war axe.
* * * LOW HITPOINT WARNING * * *
You see here a +0 dagger.
Your transformation has ended.
You turn into a tree.
Your +0 animal skin melds into your body.
Your roots penetrate the ground.
The orc hits you with a +0 war axe.
* * * LOW HITPOINT WARNING * * *
You barely miss the orc. Your punch misses the orc.
The orc hits you but does no damage.
You closely miss the orc. The orc hits you but does no damage.
You smack the orc!
You kill the orc!
You barely miss the orc. The orc hits you but does no damage.
The orc priest casts a cantrip, but nothing happens.
You barely miss the orc. The orc hits you but does no damage.
You barely miss the orc. The orc hits you with a +0 short sword.
* * * LOW HITPOINT WARNING * * *
You barely miss the orc. The orc barely misses you.
You barely miss the orc.
You smack the orc!
You kill the orc!
You smack the orc!
You kill the orc!
The orc priest invokes the aid of Beogh against you.
Beogh smites you!
You die...

.######.##.....#
.............#<#
.######.##...#.###..
#.................
#.###.####.#.####.
#.#.......)#.###..
#.#.#.###..#....># #.#
#......#.....#
#♣#.#####.#......#
######o#..............#
#.#.....o..#####.P.P....#
#....%............_..†...
###....)#######..P.P.....
#...)..................
#P.......#######.###.....
~~~P.....# ... #.....
.~~~.....# ##.. #....#


You could see 2 orc priests.

Vanquished Creatures
  4 adders
  2 worms (D:2)
  7 orcs (D:3)
  5 bats
  9 endoplasms
  8 goblins
  4 hobgoblins (D:1)
  16 jackals
  4 kobolds
  3 quokkas
  4 ball pythons
  2 frilled lizards (D:1)
  9 rats
77 creatures vanquished.

Notes
Turn   | Place    | Note
-------+----------+-------------------------------------------
     0 | D:1      | dialectric the Vine Stalker Shapeshifter began the quest
                  | for the Orb.
     0 | D:1      | Reached XP level 1. HP: 9/9 MP: 2/2
   140 | D:1      | Reached XP level 2. HP: 14/14 MP: 3/3
   329 | D:1      | Reached XP level 3. HP: 16/17 MP: 4/4
   455 | D:1      | Found a faded altar of an unknown god.
  1064 | D:2      | Gained mutation: Your natural rate of healing is unusually
                  | fast. [Vine Stalker growth]
  1064 | D:2      | Reached XP level 4. HP: 19/21 MP: 5/5
  1108 | D:2      | Reached skill level 1 in Fighting
  1401 | D:2      | Found a runed translucent door.
  1404 | D:2      | Noticed Crazy Yiuf
  1736 | D:3      | Found Osir Posi's Book Boutique.
  1933 | D:3      | Reached XP level 5. HP: 18/25 MP: 4/6
  2016 | D:3      | Found a basalt altar of Yredelemnul.
  2080 | D:3      | Killed from afar by an orc priest

Illustrated notes

Levels and vault maps discovered:
D:1:      dpeg_arrival_houses_and_road, layout_basic,
          ebering_ecumenical_altar_abandoned
D:2:      layout_loops_cross, uniq_crazy_yiuf_cottage
D:3:      layout_basic, marbit_many_paths, yredelemnul_altar_generic,
          serial_shops, shop, minmay_stone_trees_small, serial_bayou_pond_d,
          st_stairs_2, minmay_misc_feat_four_crosses, kennysheep_generic_room_3

Skill      XL: |  1  2  3  4 |
---------------+-------------+-----
Fighting       | 1 |  1.2
Dodging        | 2 |  2.0
Unarmed Combat | 4 |  4.3
Shapeshifting  | 4 |  4.0
Armour         | |  0.3

Action                     |  1- 3 |  4- 6 || total
---------------------------+-------+-------++-------
  Melee: Unarmed           |    77 |    88 ||   165
         Bite              |    17 |    16 ||    33
         Punch             |     1 |     2 ||     3
    Use: Potion            |       |     1 ||     1
   Stab: Sleeping          |     1 |     1 ||     2
 Armour: Animal skin       |    14 |     8 ||    22
         Skin              |       |     4 ||     4
  Dodge: Dodged            |    42 |    42 ||    84

Table legend: (Time is in decaauts)
 A = Elapsed time spent in this place.
 B = Non-inter-level travel time spent in this place.
 C = Inter-level travel time spent in this place.
 D = Time resting spent in this place.
 E = Time spent auto-exploring this place.
 F = Levels seen in this place.
 G = Mean time per level.
                   A        B        C        D        E       F      G
               +--------+--------+--------+--------+--------+-----+--------+
         Total |   2067 |   2049 |     18 |      0 |   1565 |   3 |  689.0 |
       Dungeon |   2067 |   2049 |     18 |      0 |   1565 |   3 |  689.0 |
               +--------+--------+--------+--------+--------+-----+--------+

Top non-repeatable levels by time:
     D:1: 1007 daAuts
     D:2: 715 daAuts
     D:3: 344 daAuts
